 Dungeon Crawl Stone Soup version 0.31.0-7-gf635a9b802 (webtiles) character file.

Game seed: 11796468305428522941

79578 Skeral the Marksdjinni (level 16, 0/112 (113) HPs)
             Began as a Djinni Hunter on Jan 23, 2024.
             Was the Champion of Hepliaklqana.
             Killed from afar by a tengu reaver (47 damage)
             ... with a bolt of cold
             ... on level 13 of the Dungeon on Jan 24, 2024.
             The game lasted 01:06:26 (18705 turns).

Skeral the Marksdjinni (Djinni Hunter)             Turns: 18705, Time: 01:06:26

HP:   0/112 (113)   AC: 18    Str: 10    XL:     16   Next: 12%
Gold: 362           EV: 14    Int: 13    God:    Hepliaklqana [******] SH:  5 Dex: 26

rFire   + + .        a - +1 orcbow (drain)
rCold   . . .        (shield currently unavailable)
rNeg    . . .        S - quicksilver dragon scales "Cehuadd" {Will+ Regen+ Dex+3, rare}
rPois   ∞            J - +1 helmet
rElec   .            l - scarf {repulsion}
rCorr   .            r - +1 pair of gloves
SInv    .            (boots unavailable)
Will    ++...        I - amulet of reflection
Stlth   ++           C - ring of protection from cold
HPRegen 1.18/turn    O - +4 ring of protection
MPRegen 0.00/turn

%: repel missiles, reflection, infuse magic (-1 HP)
@: flying, lightly drained
A: reduced essence, sickness immunity, fire resistance 2, cold vulnerability 1,
float, innate caster, HP casting, extra vitality 1
a: Renounce Religion, Recall Ancestor, Ancestor Identity, Transference, Idealise


You were on level 13 of the Dungeon.
You worshipped Hepliaklqana.
Hepliaklqana was exalted by your worship.
You visited 4 branches of the dungeon, and saw 21 of its levels.
You also visited: Sewer, Gauntlet, Ice Cave and Volcano.

You collected 2135 gold pieces.
You spent 1773 gold pieces at shops.


Innate Abilities, Weirdness & Mutations

Your life essence is reduced to manifest your ancestor. (-10% HP)
You are immune to sickness and miasma.
You are immune to poison.
Your flesh is very heat resistant. (rF++)
You are vulnerable to cold. (rC-)
You float through the air rather than walking.
You learn spells naturally, not from books.
Your magical power is your life essence.
You have superior vitality. (+4 MHP)


   Skills:
 - Level 15.0 Fighting
 + Level 16.7 Ranged Weapons
 + Level 2.6 Armour
 - Level 5.0 Dodging
 - Level 0.7 Stealth
 + Level 11.7 Invocations


You knew the following spells:

 Your Spells              Type           Power      Damage    Failure   Level
d - Dispersal             Tloc           0%         N/A       100%        6
f - Foxfire               Conj/Fire      0%         2x1d4     58%         1
l - Lee's Rapid Deconstr  Erth           0%         3d4*      100%        5
p - Fulminant Prism       Conj/Alch      0%         3d5       100%        4
X - Momentum Strike       Conj/Tloc      0%         3d8       75%         2
Y - Volatile Blastmotes   Fire/Tloc      0%         2d10      92%         3
Z - Manifold Assault      Tloc           0%         N/A       100%        4
Your spell library was empty.

Inventory:

Hand Weapons
 a - a +1 orcbow of draining (weapon)
   (You took it off a centaur warrior on level 11 of the Dungeon)
 i - a +3 hand cannon of flaming
   (You found it in a volcano)
Missiles
 e - 40 poisoned darts
 n - 4 throwing nets {=f!f}
 H - 14 curare-tipped darts {=f}
Armour
 l - a scarf of repulsion (worn)
   (You found it on level 2 of the Dungeon)
 r - a +1 pair of gloves (worn)
   (You found it on level 4 of the Dungeon)
 J - a +1 helmet (worn)
   (You found it on level 8 of the Dungeon)
 S - the quicksilver dragon scales "Cehuadd" (worn) {Will+ Regen+ Dex+3, rare}
   (You bought it in a shop on level 2 of the Orcish Mines)

   Dex+3:     It affects your dexterity (+3).
   Will+:     It increases your willpower.
   Regen+:    It increases your rate of health regeneration.
 U - the +0 cloak of Dim Light {rElec Str+4 Int-5 Slay+2}
   (You found it in a Gauntlet)

   Str+4:     It affects your strength (+4).
   Int-5:     It affects your intelligence (-5).
   Slay+2:    It affects your accuracy & damage with ranged weapons and melee
   (+2).
   rElec:     It insulates you from electricity.
Jewellery
 v - a ring of see invisible
   (You took it off an orc on level 7 of the Dungeon)
 C - a ring of protection from cold (left hand)
   (You found it on level 8 of the Dungeon)
 F - a ring of protection from fire
   (You found it on level 2 of the Dungeon)
 I - an amulet of reflection (around neck)
   (You found it on level 11 of the Dungeon)
 N - a ring of positive energy
   (You found it on level 1 of the Dungeon)
 O - a +4 ring of protection (right hand)
   (You found it on level 8 of the Dungeon)
Wands
 c - a wand of iceblast (29)
   (You found it on level 7 of the Dungeon)
 m - a wand of flame (17)
   (You bought it in a shop on level 3 of the Dungeon)
 w - a wand of polymorph (5)
   (You found it on level 13 of the Dungeon)
 y - a wand of charming (16)
   (You took it off an orc warrior on level 7 of the Dungeon)
 Q - a wand of mindburst (31)
   (You found it on level 12 of the Dungeon)
 W - a wand of acid (5)
   (You found it in a Gauntlet)
Scrolls
 f - 13 scrolls of teleportation {@r4}
 j - 3 scrolls of revelation
 o - 7 scrolls of vulnerability {!r!r}
 q - a scroll of enchant armour
 s - 3 scrolls of immolation {!r!r}
 t - 3 scrolls of enchant weapon
 u - 4 scrolls of poison
 D - 7 scrolls of fog
 G - a scroll of silence {!r}
 L - 3 scrolls of blinking {!r}
Potions
 d - 9 potions of curing {@q1}
 g - 2 potions of berserk rage {!q}
 h - 4 potions of attraction {!q}
 k - 2 potions of lignification {!q}
 p - 6 potions of brilliance {unknown}
 x - a potion of invisibility
 z - 2 potions of might
 A - a potion of mutation {!q}
 B - a potion of resistance
 E - 4 potions of heal wounds {@q2}
 K - a potion of cancellation
 M - 4 potions of haste {@q3}
 P - 4 potions of enlightenment
Miscellaneous
 R - a phantom mirror
   (You found it on level 2 of the Lair of Beasts)
 X - a sack of spiders
   (You found it in a Gauntlet)

Dungeon Overview and Level Annotations

Branches:
Dungeon (13/15) Zot: 26825  Temple (1/1) D:7 Zot: 5998    Lair (5/5) D:10 Zot: 25453
 Shoals (0/4) Lair:3       Spider (0/4) Lair:2        Slime (0/5) Lair:5
    Orc (2/2) D:12 Zot: 10694     Elf (0/3) Orc:2         Sewer (visited)
  IceCv (visited)         Volcano (visited)         Gauntlet (visited)
 Vaults: D:13-14

Altars:
Ashenzari
Cheibriados
Dithmenos
Elyvilon
Fedhas
Gozag
Hepliaklqana
Makhleb
Nemelex Xobeh
Okawaru
Qazlal
Ru
Trog
Uskayaw
Wu Jian
Xom
Yredelemnul
Zin
The Shining One
Jiyva
Lugonu

Shops:
D:1 ([((   D:3 *   D:8 ?   Orc:2 *[[*!

Portals:
Abyss: Lair:5

Annotations:
D:13 1 transporter
Lair:4 3 runed translucent doors, ggggg's ghost, journeyman SpHu
Orc:2 3 runed translucent doors, Taul's ghost, journeyman MiFi

.##
####..##~.#.##..#~.
#.)....##8~~.~$~.8##
#...b...##~.HH...##.
#..bb....##H###.##..
#..bb.b...##Ocy##...
#..bbbbb...#####....
#bb@b.b.b.?..©......
#b..bbb[............
##).bbb........##....
#bR###########.##....
#Q### #.##....
##B.######## #.######
#.##z#......# #.#####
#Q##. ##.####.#
#.....# #.#. .# [#<#
#.# #####.#


You could see the friendly Kel the knight (idealised) and a tengu reaver (repels
missiles, ally target).


Message History

The tengu reaver gestures at you while chanting.
The bolt of fire hits you. You resist.
You shoot an arrow.
The arrow barely misses the tengu reaver.
The tengu reaver casts a spell at you. The bolt of cold misses you.
Kel barely misses the tengu reaver. 😕 HP[+1]
You shoot an arrow.
The arrow misses the tengu reaver. 😕 HP[+1] Hepliaklqana grants Kel healing and protection!
Kel is fully restored!
Kel hits the tengu reaver with a +0 broad axe of flaming!!
Kel burns the tengu reaver!
An entropy weaver comes into view.
The tengu reaver casts a spell at you. The bolt of cold hits you!!!
* * * LOW HITPOINT WARNING * * *
😨 HP[-51]
You take 51 damage, and now have 48/110 hp.
MASSIVE DAMAGE!! (PAUSE) Fire: a) +1 orcbow (drain)
Press: ? - help, Shift-Dir - straight line, f/p - tengu reaver
Aim: a tengu reaver, wielding a +3 dire flail and wearing a +0 scale mail (severely wounded, repelling missiles, lightly drained, ally target, 23% to hit)
You shoot an arrow. The arrow misses the tengu reaver.
The arrow barely misses the entropy weaver.
Kel blocks the entropy weaver's attack. x3
The entropy weaver hits Kel but does no damage. 😨 HP[+1] Fire: a) +1 orcbow (drain)
Press: ? - help, Shift-Dir - straight line, f/p - tengu reaver
Aim: a tengu reaver, wielding a +3 dire flail and wearing a +0 scale mail (severely wounded, repelling missiles, lightly drained, 23% to hit)
You shoot an arrow. The arrow misses the tengu reaver.
The arrow hits the entropy weaver!
The tengu reaver gestures at you while chanting.
The bolt of poison misses you.
Kel hits the entropy weaver with a +0 broad axe of flaming!
Kel burns the entropy weaver!
Kel closely misses the tengu reaver.
The entropy weaver hits Kel but does no damage.
The entropy weaver closely misses Kel.
The entropy weaver hits Kel but does no damage.
The entropy weaver barely misses Kel. 😨 HP[+1] Fire: a) +1 orcbow (drain)
Press: ? - help, Shift-Dir - straight line, f/p - tengu reaver
Aim: a tengu reaver, wielding a +3 dire flail and wearing a +0 scale mail (severely wounded, repelling missiles, lightly drained, 23% to hit)
You shoot an arrow. The arrow hits the tengu reaver!
Kel closely misses the tengu reaver.
The tengu reaver blocks Kel's attack. 😨 HP[+1]
Okay, then.
Press: ? - help, v - describe, . - travel
Here: a tengu reaver, wielding a +3 dire flail and wearing a +0 scale mail (severely wounded, repelling missiles, lightly drained, ally target)
The floor.
The tengu reaver closely misses you. You block the tengu reaver's attack.
The tengu reaver claws you but does no damage. 😨 HP[+1]
As you read the scroll of butterflies, it crumbles to dust.
You hear the flapping of tiny wings.
Kel is knocked back by the sudden gust.
The tengu reaver is knocked back by the sudden gust.
Kel blocks the tengu reaver's attack.
The tengu reaver hits your butterfly with a +1 war axe of draining!
Your butterfly dies!
Your butterfly disappears in a burst of colours!
The tengu reaver pecks Kel but does no damage.
The tengu reaver claws Kel!
The tengu reaver gestures at you while chanting.
The bolt of fire hits you! You resist.
* * * LOW HITPOINT WARNING * * *
The bolt of fire hits your butterfly!!!
Your butterfly dies!
Your butterfly disappears in a burst of colours!
The bolt of fire hits your butterfly!!
Your butterfly dies!
Your butterfly disappears in a burst of colours! 😨 HP[-7]
You take 7 damage, and now have 45/110 hp.
You swap places.
Kel misses the tengu reaver.
Kel hits the tengu reaver with a +0 broad axe of flaming!!
Kel burns the tengu reaver!
The tengu reaver dies!
The tengu reaver casts a spell at you.
The bolt of poison hits Kel.
Kel completely resists.
The bolt of poison hits your butterfly!!!!
Your butterfly is poisoned.
Your butterfly dies!
Your butterfly disappears in a burst of colours!
The bolt of poison hits you but does no damage.
You resist.
The bolt of poison hits your butterfly!!!
Your butterfly is poisoned.
Your butterfly dies!
Your butterfly disappears in a burst of colours! 😨 HP[+1]
You now have 112 max hp (+2).
You swap places.
The tengu reaver points at you and mumbles some strange words.
The bolt of cold hits Kel!!
Kel resists.
The bolt of cold hits you!!!
You die...

Skill      XL: |  1  2  3  4  5  6  7  8  9 10 11 12 13 14 15 16 |
---------------+-------------------------------------------------+-----
Fighting       | 3 4 5 6 7 8 9 10 11 13 14 15 | 15.0
Ranged Weapons | 4 5 7 8 10 11 13 14 16 | 16.7
Invocations    | 3 6 7 8 11 | 11.7
Dodging        | 4 5 |  5.0
Armour         | 1 2 |  2.6
Stealth        | |  0.7

Action                     |  1- 3 |  4- 6 |  7- 9 | 10-12 | 13-15 | 16-18 || total
---------------------------+-------+-------+-------+-------+-------+-------++-------
   Fire: Shortbow          |    81 |    95 |   253 |   533 |       |       ||   962
         Orcbow            |       |       |       |   238 |  1424 |    38 ||  1700
  Throw: Dart              |       |       |       |     6 |       |       ||     6
 Invoke: Ancestor Identity |     1 |       |       |       |       |       ||     1
         Ancestor Life: Kn |       |     1 |       |       |       |       ||     1
         Recall Ancestor   |       |     1 |     3 |     5 |     8 |       ||    17
         Idealise          |       |       |       |     1 |     8 |     1 ||    10
    Use: Scroll            |       |       |       |     4 |    24 |     1 ||    29
         Potion            |       |       |       |       |     2 |       ||     2
 Armour: Leather armour    |    14 |     7 |    30 |       |       |       ||    51
         Troll leather arm |       |       |    39 |   168 |   240 |       ||   447
         Quicksilver drago |       |       |       |       |     6 |     8 ||    14
  Dodge: Dodged            |    27 |    13 |    63 |   161 |   231 |     5 ||   500
         Repelled          |       |       |     3 |     2 |     6 |       ||    11
  Block: Other             |       |       |       |       |    66 |     2 ||    68
         Reflection        |       |       |       |       |     3 |     1 ||     4

Levels and vault maps discovered:
D:1:      psy_arrival_basics, layout_basic, serial_shops, shop,
          nicolae_shop_drivethru, shop, shop,
          shapermc_ecumenical_altar_mp_ritualfount
D:2:      layout_basic
D:3:      minmay_door_path, layout_loops_corners, grunt_temple_overflow_open,
          serial_shops, nicolae_shop_trees, uniq_natasha
D:4:      layout_rooms
D:5:      layout_cave_pools, makhleb_altar_promises_db, lemuel_round_altar,
          amcnicky_altar_gilded, lemuel_crystal_altar
D:6:      layout_basic, gup_sewer_entry_bowl, serial_glass, glass_columns_a,
          glass_columns_a, uniq_menkaure
D:7:      minmay_the_grid_square_5x5_3x3
          [minmay_the_grid_square_5x5_half_checkered,
          minmay_the_grid_square_5x5_three_small, minmay_the_grid_square_5x5_c,
          minmay_the_grid_square_5x5_checkered_sparse,
          minmay_the_grid_square_5x5_megaprize_hollow,
          minmay_the_grid_square_5x5_shuriken,
          minmay_the_grid_square_5x5_percent,
          minmay_the_grid_square_5x5_tri_point,
          minmay_the_grid_square_5x5_broken_cross], layout_rooms, temple_hall,
          serial_glass, glass_columns_b, glass_columns_c, glass_columns_a,
          glass_columns_b, glass_columns_a, glass_columns_a, glass_columns_a,
          glass_columns_a, glass_columns_b, glass_columns_c, glass_columns_a,
          glass_columns_b, glass_columns_a, glass_columns_a
D:8:      layout_basic, mainiacjoe_overflow_24_doors, lemuel_round_altar,
          serial_shops, nicolae_shop_tiny_glass, minmay_misc_feat_columns,
          hangedman_abyss_or_decor_slice, onia_ninara_dug_in_and_dangerous
D:9:      argonaut_augean_stables, layout_long_grid, uniq_harold
D:10:     layout_basic, david_lair_generic
D:11:     regret_index_combs_of_tragedy, layout_irregular_city
D:12:     layout_stronghold, kennysheep_orc_monster_closet_entryway,
          portal_ice_cave_demonic_guard
D:13:     minmay_glassy_protrusions, layout_basic, nzn_ghost_randoct
Temple:   nicolae_temple_no_exploring_needed
Lair:1:   beast_lair_carwin_large_1, layout_hall_layers, serial_bayou_pond_e
Lair:2:   layout_regular_city, hellmonk_spider_entry_life_and_decay,
          fungi_pond_lemuel, uniq_fannar, uniq_gastronok
Lair:3:   layout_gridlike, nicolae_shoals_entry_flooding,
          chequers_serial_rivers_room_b, uniq_josephine
Lair:4:   layout_regular_city, ebering_ghost_rock_garden,
          gauntlet_entry_generic, small_statue_intersection, roderic_batcave
Lair:5:   hellmonk_lair_end_abyssal_woods, layout_cave_shapes,
          minmay_slime_entry_pillars, basic_altar, uniq_sonja
Orc:1:    layout_diamond_mine, enter_volcano_4
Orc:2:    st_orc_mages, layout_caves, ebering_ghost_gozag

Notes
Turn   | Place    | Note
-------+----------+-------------------------------------------
     0 | D:1      | Skeral the Djinni Hunter began the quest for the Orb.
     0 | D:1      | Reached XP level 1. HP: 18/18 MP: 0/0
     0 | D:1      | magus.rc [v1.10.3]
   159 | D:1      | Found Zyzaq's Weapon Boutique.
   199 | D:1      | Found a transporter.
   203 | D:1      | Found Zikhlyuhao's Antique Armour Shoppe.
   238 | D:1      | Reached XP level 2. HP: 23/23 MP: 0/0
   384 | D:1      | Found a faded altar of an unknown god.
   394 | D:1      | Prayed at the altar of an unknown god.
   394 | D:1      | Became a worshipper of Hepliaklqana the Forgotten
   394 | D:1      | Reached * piety under Hepliaklqana
   576 | D:1      | Found a transporter.
   581 | D:1      | Reached XP level 3. HP: 26/26 MP: 0/0
   581 | D:1      | Learned a level 1 spell: Foxfire
   594 | D:1      | Found Pieh's Weapon Shoppe.
   615 | D:1      | Found Seytzecw's Antique Weapon Emporium.
  1082 | D:2      | Reached skill level 3 in Fighting
  1133 | D:2      | Reached XP level 4. HP: 31/31 MP: 0/0
  1479 | D:3      | Noticed Natasha
  1483 | D:3      | Killed Natasha
  1484 | D:3      | Reached skill level 4 in Ranged Weapons
  1523 | D:3      | Reached ** piety under Hepliaklqana
  1524 | D:3      | Remembered your ancestor Kel as a knight
  1717 | D:3      | Found Puemn's Assorted Antiques.
  1725 | D:3      | Bought a scroll labelled MITILOKAPO for 23 gold pieces
  1725 | D:3      | Bought a glass wand for 92 gold pieces
  1769 | D:3      | Found a sacrificial altar of Ru.
  1769 | D:3      | Found a sparkling altar of Nemelex Xobeh.
  1770 | D:3      | Found a white marble altar of Elyvilon.
  1772 | D:3      | Found a basalt altar of Yredelemnul.
  1777 | D:3      | Noticed Natasha
  1781 | D:3      | Killed Natasha
  1782 | D:3      | Reached XP level 5. HP: 36/36 MP: 0/0
  1782 | D:3      | Learned a level 2 spell: Momentum Strike
  1883 | D:3      | Reached skill level 4 in Fighting
  1994 | D:3      | Noticed Natasha
  1999 | D:3      | Killed Natasha
  2014 | D:3      | Reached XP level 6. HP: 42/42 MP: 0/0
  2269 | D:3      | You are sucked into a shaft and drop 2 floors!
  2269 | D:5      | Entered Level 5 of the Dungeon
  2269 | D:5      | Found an iron altar of Okawaru.
  2342 | D:4      | Noticed an ogre
  2356 | D:4      | Killed an ogre
  2407 | D:4      | Reached skill level 5 in Ranged Weapons
  2472 | D:4      | Reached skill level 5 in Fighting
  2472 | D:4      | Reached XP level 7. HP: 44/48 MP: 0/0
  2472 | D:4      | Learned a level 3 spell: Volatile Blastmotes
  2942 | D:5      | Reached *** piety under Hepliaklqana
  3052 | D:5      | Found a bloodstained altar of Trog.
  3059 | D:5      | Found an opulent altar of Gozag.
  3198 | D:5      | magus.rc [v1.10.3]
  3242 | D:5      | Found a burning altar of Makhleb.
  3242 | D:5      | Noticed a balrug
  3262 | D:6      | Reached skill level 6 in Fighting
  3269 | D:6      | Reached XP level 8. HP: 39/54 MP: 0/0
  3272 | D:6      | Reached skill level 6 in Ranged Weapons
  3435 | D:6      | Reached skill level 7 in Fighting
  3622 | D:6      | Found a glowing drain.
  3626 | Sewer    | Entered a sewer
  3639 | Sewer    | Noticed Pargi
  3643 | Sewer    | Killed Pargi
  3644 | Sewer    | Reached skill level 7 in Ranged Weapons
  3644 | Sewer    | Reached XP level 9. HP: 61/61 MP: 0/0
  3644 | Sewer    | Learned a level 4 spell: Manifold Assault
  3684 | Sewer    | Reached skill level 1 in Invocations
  3998 | D:6      | Reached skill level 2 in Invocations
  4027 | D:6      | Noticed Menkaure
  4031 | D:6      | Killed Menkaure
  4470 | D:7      | Reached skill level 8 in Fighting
  4652 | D:7      | Reached skill level 3 in Invocations
  4662 | D:7      | Found a staircase to the Ecumenical Temple.
  4673 | Temple   | Entered the Ecumenical Temple
  4701 | D:7      | Reached skill level 8 in Ranged Weapons
  4706 | D:7      | Reached **** piety under Hepliaklqana
  4832 | D:7      | Reached XP level 10. HP: 69/69 MP: 0/0
  4836 | D:7      | Reached skill level 4 in Invocations
  5264 | D:8      | magus.rc [v1.10.3]
  5379 | D:8      | Reached skill level 9 in Ranged Weapons
  5399 | D:8      | Noticed a centaur warrior
  5401 | D:8      | Noticed an ogre mage
  5402 | D:8      | Noticed a deep elf pyromancer
  5415 | D:8      | Noticed a purple ugly thing
  5443 | D:8      | Reached skill level 9 in Fighting
  5635 | D:8      | Found Kash's Magic Scroll Emporium.
  5655 | D:8      | Bought a scroll of enchant armour for 90 gold pieces
  5655 | D:8      | Bought a scroll of teleportation for 36 gold pieces
  5655 | D:8      | Bought a scroll of revelation for 90 gold pieces
  5655 | D:8      | Bought a scroll of blinking for 90 gold pieces
  5655 | D:8      | Bought 2 scrolls of blinking for 180 gold pieces
  5746 | D:8      | Noticed a gargoyle
  5908 | D:8      | Killed a gargoyle
  5909 | D:8      | Reached skill level 5 in Invocations
  5980 | D:8      | Found a hide-covered altar of Uskayaw.
  6021 | D:8      | Noticed a two-headed ogre
  6042 | D:8      | Killed a two-headed ogre
  6281 | D:8      | Found a snail-covered altar of Cheibriados.
  6335 | D:9      | Noticed Harold
  6352 | D:9      | Killed Harold
  6353 | D:9      | Reached skill level 10 in Ranged Weapons
  6353 | D:9      | Reached skill level 6 in Invocations
  6353 | D:9      | Reached XP level 11. HP: 76/76 MP: 0/0
  6353 | D:9      | Learned a level 4 spell: Fulminant Prism
  6691 | D:9      | Reached skill level 10 in Fighting
  7003 | D:9      | Reached skill level 7 in Invocations
  7063 | D:9      | Reached skill level 11 in Ranged Weapons
  7263 | D:10     | Entered Level 10 of the Dungeon
  7337 | D:10     | Noticed a two-headed ogre
  7390 | D:10     | Found a staircase to the Lair.
  7672 | D:10     | Reached XP level 12. HP: 49/83 MP: 0/0
  7915 | D:10     | Killed a two-headed ogre
  8332 | D:11     | Reached skill level 11 in Fighting
  8332 | D:11     | Reached skill level 8 in Invocations
  8495 | D:11     | Identified the ring "Ythaokux" {Fly rPois Int+3 Dex+3}
  8529 | D:11     | Reached skill level 12 in Ranged Weapons
  8557 | D:11     | Reached ***** piety under Hepliaklqana
  8874 | D:11     | Noticed a centaur warrior
  8882 | D:11     | Noticed a boulder beetle
  8899 | D:11     | Killed a centaur warrior
  9127 | D:11     | Killed a boulder beetle
  9128 | D:11     | Reached skill level 13 in Ranged Weapons
  9128 | D:11     | Reached XP level 13. HP: 90/90 MP: 0/0
  9128 | D:11     | Learned a level 5 spell: Lee's Rapid Deconstruction
  9144 | D:11     | Reached skill level 12 in Fighting
  9292 | D:11     | Identified the +0 mace of Rawul {elec, Str+3}
  9538 | D:12     | Found a staircase to the Orcish Mines.
  9992 | D:12     | Found a frozen archway.
 10001 | IceCv    | Entered an ice cave
 10835 | IceCv    | Reached skill level 14 in Ranged Weapons
 10887 | IceCv    | Reached skill level 3 in Dodging
 10935 | IceCv    | HP: 20/91 [anaconda simulacrum (16)]
 11044 | IceCv    | Noticed a reaper
 11052 | IceCv    | Killed a reaper
 11594 | Lair:1   | Entered Level 1 of the Lair of Beasts
 11737 | Lair:1   | Reached skill level 4 in Dodging
 11833 | Lair:1   | Reached skill level 13 in Fighting
 12026 | Lair:1   | Identified the orb of the Catamount {*Rage, rF+++ rC- MP-9
                  | Hexes}
 12265 | Lair:2   | Noticed Gastronok
 12278 | Lair:2   | Killed Gastronok
 12321 | Lair:2   | Noticed Fannar
 12343 | Lair:2   | Killed Fannar
 12344 | Lair:2   | Reached XP level 14. HP: 99/99 MP: 0/0
 12475 | Lair:2   | Reached skill level 5 in Dodging
 12644 | Lair:2   | Found a hole to the Spider Nest.
 12785 | Lair:2   | Identified the +1 battleaxe of the Holding Sybil {freeze,
                  | MP+9}
 12886 | Lair:2   | Reached skill level 15 in Ranged Weapons
 13306 | Lair:2   | magus.rc [v1.10.3]
 13485 | Lair:3   | Found a staircase to the Shoals.
 13697 | Lair:3   | Noticed Josephine
 13715 | Lair:3   | Killed Josephine
 13881 | Lair:4   | Found a gate leading to a gauntlet.
 14013 | Gauntlet | Entered a Gauntlet
 14013 | Gauntlet | Found a transporter.
 14013 | Gauntlet | Found a transporter.
 14013 | Gauntlet | Found a transporter.
 14034 | Gauntlet | Found a transporter.
 14035 | Gauntlet | Found a transporter.
 14044 | Gauntlet | Found a transporter.
 14048 | Gauntlet | Found a transporter.
 14054 | Gauntlet | Noticed a dire elephant
 14071 | Gauntlet | Found a transporter.
 14112 | Gauntlet | Found a transporter.
 14112 | Gauntlet | Found a transporter.
 14117 | Gauntlet | Found a transporter.
 14183 | Gauntlet | Found a transporter.
 14329 | Gauntlet | Identified the staff "Wasausem" {Fly rPois Int+4 Air
                  | Alchemy}
 14361 | Gauntlet | Identified the ring of the Endless Expanse {rPois MP+9
                  | Dex+2}
 14399 | Gauntlet | Reached skill level 14 in Fighting
 14468 | Gauntlet | Identified the +0 cloak of Dim Light {rElec Str+4 Int-5
                  | Slay+2}
 14526 | Gauntlet | Noticed a minotaur
 14550 | Gauntlet | Killed a minotaur
 14553 | Gauntlet | Found the +2 cloak of the Thief {*Fog Slay-2 SInv Stlth+}
 14966 | Lair:4   | Found a runed translucent gate.
 14966 | Lair:4   | Found a runed translucent gate.
 14966 | Lair:4   | Found a runed translucent gate.
 14967 | Lair:4   | Noticed ggggg's ghost (journeyman SpHu)
 15102 | Lair:5   | Entered Level 5 of the Lair of Beasts
 15239 | Lair:5   | Reached skill level 16 in Ranged Weapons
 15321 | Lair:5   | Noticed Sonja
 15324 | Lair:5   | Killed Sonja
 15350 | Lair:5   | Reached XP level 15. HP: 106/106 MP: 0/0
 15350 | Lair:5   | Learned a level 6 spell: Dispersal
 15377 | Lair:5   | Found a staircase to the Slime Pits.
 15377 | Lair:5   | Found a viscous altar of Jiyva.
 15436 | Lair:5   | Reached ****** piety under Hepliaklqana
 15517 | Lair:5   | Found an ornate altar of the Wu Jian Council.
 15559 | Lair:5   | Identified the +10 great sword of the Fox {drain, Fly rElec
                  | rC+ Str-2}
 16047 | Lair:5   | HP: 6/106 [large abomination (27)]
 16062 | Lair:5   | Reached skill level 9 in Invocations
 16299 | Lair:5   | Reached skill level 15 in Fighting
 16358 | Lair:5   | Reached skill level 10 in Invocations
 16383 | Lair:5   | Found a corrupted altar of Lugonu.
 16383 | Lair:5   | Found a one-way gate to the infinite horrors of the Abyss.
 16830 | Orc:1    | Entered Level 1 of the Orcish Mines
 17091 | Orc:1    | Found a dark tunnel.
 17101 | Volcano  | Entered a volcano
 17212 | Volcano  | Noticed a stone giant
 17223 | Volcano  | Killed a stone giant
 17275 | Volcano  | Found a bloodstained altar of Trog.
 17687 | Orc:1    | magus.rc [v1.10.3]
 17688 | Orc:2    | Entered Level 2 of the Orcish Mines
 17700 | Orc:2    | Reached skill level 11 in Invocations
 17744 | Orc:2    | Found a runed translucent gate.
 17744 | Orc:2    | Found a runed translucent gate.
 17744 | Orc:2    | Found a runed translucent gate.
 17745 | Orc:2    | Found an opulent altar of Gozag.
 17748 | Orc:2    | Found Zigebo's Assorted Antiques.
 17749 | Orc:2    | Noticed an orc warlord
 17759 | Orc:2    | Noticed Taul's ghost (journeyman MiFi)
 17924 | Orc:2    | Found Fokuzig's Assorted Antiques.
 17924 | Orc:2    | Found Zuto's Distillery.
 17924 | Orc:2    | Found Ihuu's Armour Boutique.
 17929 | Orc:2    | Found Biemecs's Armour Boutique.
 17940 | Orc:2    | Bought the quicksilver dragon scales "Cehuadd" {Will+
                  | Regen+ Dex+3} for 1172 gold pieces
 17940 | Orc:2    | S - the quicksilver dragon scales "Cehuadd" {Will+ Regen+
                  | Dex+3, rare}
 17951 | Orc:2    | You finish putting on the quicksilver dragon scales
                  | "Cehuadd" {Will+ Regen+ Dex+3, rare}.
 17970 | Orc:2    | Found a staircase to the Elven Halls.
 18073 | Orc:2    | Reached skill level 1 in Armour
 18338 | Orc:2    | Reached XP level 16. HP: 113/113 MP: 0/0
 18593 | D:13     | Reached skill level 2 in Armour
 18651 | D:13     | Found a transporter.
 18688 | D:13     | Noticed a tengu reaver
 18688 | D:13     | Noticed a tengu reaver
 18704 | D:13     | Killed a tengu reaver
 18705 | D:13     | Killed from afar by a tengu reaver

Vanquished Creatures
  Gastronok (Lair:2)
  A stone giant (Volcano)
  A minotaur (Gauntlet)
  Josephine (Lair:3)
  Fannar (Lair:2)
  2 boulder beetles
  A centaur warrior (D:11)
  4 two-headed ogres
  Sonja (Lair:5)
  An orc high priest (Orc:2)
  2 thrashing horrors (Lair:5)
  A fire crab (Gauntlet)
  An arcanist (D:13)
  3 large abominations (Lair:5)
  A deep elf pyromancer (D:13)
  3 orc knights (Orc:2)
  An ugly thing (D:11)
  A manticore (D:11)
  2 orc sorcerers
  2 cyclopes
  3 elephants (Lair:4)
  2 ice statues (IceCv)
  2 black mambas (Lair:5)
  A water nymph (Lair:3)
  6 cane toads
  A smoke demon (Lair:5)
  2 gargoyles
  An orange demon (Gauntlet)
  2 rime drakes
  An efreet (D:11)
  2 unseen horrors (D:11)
  A yaktaur (D:11)
  An anaconda simulacrum (IceCv)
  4 ice devils
  5 komodo dragons
  3 polar bears
  8 trolls
  A raiju (Lair:5)
  15 blink frogs
  A spriggan (Lair:5)
  A culicivora (Lair:2)
  A shadow (D:11)
  A vampire (D:10)
  2 slime creatures
  3 dire elephant simulacra (IceCv)
  37 yaks
  11 fire bats
  3 wraiths (Lair:3)
  5 wyverns
  3 fire elementals (Volcano)
  9 basilisks
  5 vampire mosquitoes
  2 steam dragons
  A harpy simulacrum (IceCv)
  2 chaos spawn (Lair:5)
  4 wargs
  10 water moccasins
  3 hell hounds (Gauntlet)
  6 small abominations (Lair:5)
  An acid dragon (D:9)
  A laughing skull (Gauntlet)
  An ice beast (D:7)
  2 sky beasts
  16 orc warriors
  9 ogres
  A black bear (D:10)
  18 wolves
  3 centaurs
  A kobold brigand (D:10)
  2 brain worms (Sewer)
  5 bullfrogs
  A gnoll sergeant (D:12)
  3 wights
  36 killer bees
  2 vampire bats (Lair:4)
  A howler monkey (D:7)
  2 electric eels (D:9)
  4 lava snakes (Volcano)
  17 orc priests
  2 hounds
  A jelly (Lair:5)
  2 gnoll boudas
  2 sleepcaps
  Natasha (twice) (D:3)
  18 orc wizards
  A spriggan simulacrum (IceCv)
  13 gnolls
  4 adders
  2 shadow imps
  2 white imps
  2 ribbon worms (D:2)
  2 dart slugs
  42 orcs
  3 ball pythons
  An endoplasm (D:2)
  3 giant cockroaches (D:1)
  9 goblins
  5 hobgoblins
  2 jackals (D:4)
  A quokka (D:4)
  10 bats
  5 frilled lizards
  13 kobolds
  5 rats
480 creatures vanquished.

Vanquished Creatures (collateral kills)
  A tengu reaver (D:13)
  A reaper (IceCv)
  A green death (Gauntlet)
  Harold (D:9)
  An ogre mage (Orc:1)
  3 two-headed ogres (Orc:1)
  4 orc high priests
  A cyclops (D:11)
  An orc sorcerer (Orc:2)
  An orc knight (Orc:1)
  An elephant (Lair:4)
  An ugly thing (Lair:5)
  4 cane toads
  A smoke demon (Lair:5)
  A gargoyle (D:11)
  A cane toad (shapeshifter) (Lair:5)
  A rime drake (shapeshifter) (Lair:5)
  A komodo dragon (Lair:4)
  2 anaconda simulacra (IceCv)
  An efreet (Volcano)
  A merfolk (Lair:3)
  2 trolls
  A queen bee (D:11)
  4 ice devils
  A raiju (Lair:5)
  3 blink frogs
  A culicivora (Lair:2)
  A vampire (D:10)
  2 wraiths (Lair:3)
  13 yaks
  A basilisk (D:10)
  2 wargs (Orc:1)
  2 vampire mosquitoes
  2 small abominations (Lair:5)
  Menkaure (D:6)
  A harpy simulacrum (IceCv)
  4 water moccasins
  An acid dragon (D:10)
  2 hydra simulacra (IceCv)
  3 ice beasts
  A black bear (D:8)
  A sky beast (D:7)
  Pargi (Sewer)
  10 orc warriors
  3 laughing skulls
  3 ogres
  4 wolves
  3 centaurs
  2 kobold brigands
  2 gnoll sergeants
  2 bullfrogs
  A scorpion (D:7)
  4 wights
  17 killer bees
  3 howler monkeys
  A bombardier beetle (D:5)
  2 lava snakes (Volcano)
  5 hounds
  16 orc priests
  2 jellies (Lair:5)
  A gnoll bouda (D:8)
  Natasha (D:3)
  An iguana (D:7)
  18 orc wizards
  12 gnolls
  An adder (D:5)
  2 shadow imps
  2 white imps (D:6)
  20 orcs
  2 endoplasms
  A goblin (D:3)
  A hobgoblin (D:4)
  4 jackals (D:4)
  3 quokkas
  2 ball pythons
  2 frilled lizards
  A rat (D:6)
234 creatures vanquished.

Vanquished Creatures (others)
  14 knights
  An orc (D:10)
15 creatures vanquished.

Grand Total: 729 creatures vanquished

Table legend:
 A = Non-vault XP
 B = Vault XP
 C = Vault XP percentage of total XP
 D = Non-vault monster count
 E = Vault monster count
 F = Vault count percentage of total count
                 A         B        C        D         E       F
            +---------+---------+-------+---------+---------+-------
      Total |   56693 |   56991 |  50.1 |     419 |     295 |  41.3
            +---------+---------+-------+---------+---------+-------
        D:1 |      31 |       0 |   0.0 |      19 |       0 |   0.0
        D:2 |      48 |       0 |   0.0 |      13 |       0 |   0.0
        D:3 |     154 |      40 |  20.6 |      16 |       3 |  15.8
        D:4 |     273 |       0 |   0.0 |      24 |       0 |   0.0
        D:5 |     400 |       0 |   0.0 |      10 |       0 |   0.0
        D:6 |    1346 |     175 |  11.5 |      22 |       5 |  18.5
        D:7 |     838 |     900 |  51.8 |      19 |      14 |  42.4
        D:8 |    3043 |       0 |   0.0 |      35 |       0 |   0.0
        D:9 |    3018 |    3310 |  52.3 |      24 |      13 |  35.1
       D:10 |    2824 |     716 |  20.2 |      29 |       4 |  12.1
       D:11 |    2121 |    8817 |  80.6 |      13 |      50 |  79.4
       D:12 |    2637 |    1698 |  39.2 |      15 |      20 |  57.1
       D:13 |    2940 |    1509 |  33.9 |       7 |       2 |  22.2
     Lair:1 |    3241 |    1013 |  23.8 |      14 |       9 |  39.1
     Lair:2 |    7760 |    2859 |  26.9 |      37 |       4 |   9.8
     Lair:3 |    2894 |    2748 |  48.7 |      12 |       8 |  40.0
     Lair:4 |    4456 |     121 |   2.6 |      14 |       9 |  39.1
     Lair:5 |    6076 |   11347 |  65.1 |      24 |      40 |  62.5
      Orc:1 |    8258 |       0 |   0.0 |      34 |       0 |   0.0
      Orc:2 |    4335 |    6506 |  60.0 |      38 |      53 |  58.2
      Sewer |       0 |     318 | 100.0 |       0 |       8 | 100.0
      IceCv |       0 |    6503 | 100.0 |       0 |      21 | 100.0
    Volcano |       0 |    3708 | 100.0 |       0 |      18 | 100.0
   Gauntlet |       0 |    4703 | 100.0 |       0 |      14 | 100.0
            +---------+---------+-------+---------+---------+-------

Skill      XL: |  1  2  3  4  5  6  7  8  9 10 11 12 13 14 15 16 |
---------------+-------------------------------------------------+-----
Fighting       | 3 4 5 6 7 8 9 10 11 13 14 15 | 15.0
Ranged Weapons | 4 5 7 8 10 11 13 14 16 | 16.7
Invocations    | 3 6 7 8 11 | 11.7
Dodging        | 4 5 |  5.0
Armour         | 1 2 |  2.6
Stealth        | |  0.7

Action                     |  1- 3 |  4- 6 |  7- 9 | 10-12 | 13-15 | 16-18 || total
---------------------------+-------+-------+-------+-------+-------+-------++-------
   Fire: Shortbow          |    81 |    95 |   253 |   533 |       |       ||   962
         Orcbow            |       |       |       |   238 |  1424 |    38 ||  1700
  Throw: Dart              |       |       |       |     6 |       |       ||     6
 Invoke: Ancestor Identity |     1 |       |       |       |       |       ||     1
         Ancestor Life: Kn |       |     1 |       |       |       |       ||     1
         Recall Ancestor   |       |     1 |     3 |     5 |     8 |       ||    17
         Idealise          |       |       |       |     1 |     8 |     1 ||    10
    Use: Scroll            |       |       |       |     4 |    24 |     1 ||    29
         Potion            |       |       |       |       |     2 |       ||     2
 Armour: Leather armour    |    14 |     7 |    30 |       |       |       ||    51
         Troll leather arm |       |       |    39 |   168 |   240 |       ||   447
         Quicksilver drago |       |       |       |       |     6 |     8 ||    14
  Dodge: Dodged            |    27 |    13 |    63 |   161 |   231 |     5 ||   500
         Repelled          |       |       |     3 |     2 |     6 |       ||    11
  Block: Other             |       |       |       |       |    66 |     2 ||    68
         Reflection        |       |       |       |       |     3 |     1 ||     4

Illustrated notes

Table legend:
 A = Kills in this place as a percentage of kills in the entire game.
 B = Kills by you in this place as a percentage of kills by you in the entire game.
 C = Kills by friends in this place as a percentage of kills by friends in the entire game.
 D = Other kills in this place as a percentage of other kills in the entire game.
 E = Experience gained in this place as a percentage of experience gained in the entire game.
 F = Experience gained in this place divided by the number of levels of this place that you have seen.
                   A       B       C       D       E      F
               +-------+-------+-------+-------+-------+----------------------
         Total | 100.0 | 100.0 | 100.0 |   N/A | 100.0 | 4547.4
       Dungeon |  50.0 |  45.6 |  59.0 |   N/A |  32.4 | 2833.7
          Lair |  23.9 |  28.8 |  14.1 |   N/A |  37.4 | 8503.0
  Orcish Mines |  17.5 |  16.5 |  19.7 |   N/A |  16.8 | 9549.5
         Sewer |   1.1 |   1.2 |   0.9 |   N/A |   0.3 | 318.0
      Ice Cave |   2.9 |   2.5 |   3.8 |   N/A |   5.7 | 6503.0
       Volcano |   2.5 |   3.1 |   1.3 |   N/A |   3.3 | 3708.0
      Gauntlet |   2.0 |   2.3 |   1.3 |   N/A |   4.1 | 4703.0
               +-------+-------+-------+-------+-------+----------------------

Table legend: (Time is in decaauts)
 A = Elapsed time spent in this place.
 B = Non-inter-level travel time spent in this place.
 C = Inter-level travel time spent in this place.
 D = Time resting spent in this place.
 E = Time spent auto-exploring this place.
 F = Levels seen in this place.
 G = Mean time per level.
                   A        B        C        D        E       F      G
               +--------+--------+--------+--------+--------+-----+--------+
         Total |  18432 |  17329 |   1103 |   1372 |   6613 |  25 |  737.3 |
       Dungeon |  10687 |   9904 |    783 |    654 |   4719 |  13 |  822.1 |
        Temple |      1 |      1 |      0 |      0 |      0 |   1 |    1.0 |
          Lair |   4387 |   4120 |    267 |    155 |   1185 |   5 |  877.4 |
  Orcish Mines |   1306 |   1254 |     52 |     20 |    658 |   2 |  653.0 |
         Sewer |    113 |    113 |      0 |      0 |      0 |   1 |  113.0 |
      Ice Cave |   1102 |   1102 |      0 |    438 |      0 |   1 | 1102.0 |
       Volcano |    272 |    272 |      0 |     31 |     51 |   1 |  272.0 |
      Gauntlet |    562 |    562 |      0 |     74 |      0 |   1 |  562.0 |
               +--------+--------+--------+--------+--------+-----+--------+

Top non-repeatable levels by time:
  Lair:5: 1449 daAuts
    D:11: 1180 daAuts
   IceCv: 1102 daAuts
    D:12: 1060 daAuts
    D:10: 1050 daAuts
  Lair:2: 1037 daAuts
     D:6: 1027 daAuts
     D:8: 1020 daAuts
     D:9: 927 daAuts
     D:1: 888 daAuts
     D:3: 815 daAuts
     D:7: 792 daAuts
   Orc:2: 735 daAuts
  Lair:1: 674 daAuts
  Lair:4: 645 daAuts
